 Dungeon Sprint DCSS version 0.29-a0-723-gce39da1c22 (webtiles) character file.

Game seed: 14225807392091335241

448 zeratav the Basher (level 7, -4/74 HPs)
             Began as a Naga Fighter on June 28, 2022.
             Was an Initiate of Cheibriados.
             Slain by Sonja
             ... wielding a +2 short sword of distortion
              (6 damage)
             ... in the Dungeon (Sprint I: "Red Sonja").
             The game lasted 00:02:25 (550 turns).

zeratav the Basher (Naga Fighter)                    Turns: 550, Time: 00:02:25

Health: -4/74      AC:  5    Str: 21    XL:     7   Next: 4%
Magic:  7/7        EV:  7    Int:  9    God:    Cheibriados [......]
Gold:   183        SH:  5    Dex: 12    Spells: 6/6 levels left

rFire   . . .      SeeInvis +   a - +0 flail {mace}
rCold   . . .      Faith    .   c - +0 buckler
rNeg    . . .      Spirit   .   b - +0 scale mail
rPois   +          Reflect  .   (no helmet)
rElec   .          Harm     .   (no cloak)
rCorr   .          Rampage  .   (no gloves)
Will    .....      NoTele   +   (no barding)
Stlth   ++........              (no amulet)
HPRegen 0.22/turn               (no ring)
MPRegen 0.10/turn               (no ring)

@: short of breath, very slow
A: AC +2, large, see invisible, deformed body, poison resistance, slowness 2,
spit poison 1, naga tail 1
a: Spit Poison, Renounce Religion


You were in the Dungeon.
You worshipped Cheibriados.
Cheibriados was noncommittal.
You visited 1 branch You collected 297 gold pieces.
You spent 114 gold pieces at shops.


Innate Abilities, Weirdness & Mutations

Your serpentine skin is tough. (AC +2)
You have supernaturally acute eyesight. (SInv)
Armour fits poorly on your strangely shaped body.
Your system is resistant to poisons. (rPois)
You cover ground very slowly.
You can spit poison.
You have a snake-like lower body.


   Skills:
 - Level 8.0 Fighting
 - Level 10.0 Maces & Flails
 - Level 2.4 Armour
 - Level 8.0 Stealth
 + Level 6.1 Shields


You had 6 spell levels left.
You didn't know any spells.
Your spell library was empty.

Inventory:

Hand Weapons
 a - a +0 flail (weapon) {mace}
 l - a +0 dagger {short}
   (You took it off Ijyb in the Dungeon)
Armour
 b - a +0 scale mail (worn)
 c - a +0 buckler (worn)
Wands
 k - a wand of iceblast (8)
   (You took it off Ijyb in the Dungeon)
Scrolls
 j - a scroll of blinking {!r}
 m - 2 scrolls of immolation {unknown}
Potions
 d - a potion of might
 e - a potion of curing {@q1}
 f - a potion of heal wounds {@q2}
 g - a potion of haste {@q3}
 h - 2 potions of magic
 i - a potion of berserk rage {!q}

Dungeon Overview and Level Annotations

Branches:
Dungeon (1/1) Zot: 40500

Altars:
Cheibriados
Dithmenos
Elyvilon
Fedhas
Gozag
Hepliaklqana
Kikubaaqudgha
Nemelex Xobeh
Okawaru
Qazlal
Ru
Sif Muna
Trog
Uskayaw
Vehumet
Wu Jian
Yredelemnul
Zin
The Shining One

Shops:
D ?

Annotations:
D Sonja

################
#<.#..)..#..'..#
#..[..#..)..#..+
#..#####'#####'#
#..####..#...#[#
#..#__####..##.#
#..#_____##'#_.+
#⌠⌠#_.∩...'.g._#
####_..__##J@#+#
#_____###K#
####### #b# $.$
#$.$# ##.## #+#


You could see Sonja (ally target), a friendly endoplasm (summoned), a friendly
hobgoblin (summoned) and a friendly bat (summoned).


Message History

There is an open door here.
You open the door.
A yak comes into view.
Found Lunezu's Magic Scroll Emporium.
Found eight altars.
Found seven altars.
There is an open door here.
l - a +0 dagger (weapon)
{short} The helpless yak fails to defend itself.
You impale the yak!! The yak gores you but does no damage.
a - a +0 flail (weapon)
{mace} The yak gores you!
HP[-14]
You take 14 damage, and now have 53/67 hp.
MASSIVE DAMAGE!! (PAUSE)
Aiming: Spit Poison (1% risk of failure)
Press: ? - help, Q - select action, (/) - cycle Shift-Dir - straight line, f - yak
Aim: a yak (heavily wounded, 75% to hit)
The splash of poison hits the yak!
The yak is poisoned.
The yak gores you.
HP[-1]
You take 1 damage, and now have 52/67 hp.
You hit the yak but do no damage. You hit the yak but do no damage.
The yak barely misses you.
You hit the yak. You block the yak's attack.
HP[+1]
You closely miss the yak.
You have got your breath back.
You block the yak's attack.
You hit the yak.
You kill the yak!
Training target 10.0 for Maces & Flails reached!
Your Maces & Flails skill increases to level 10!
You need to enable at least one skill for training.
Your Shields skill gained 4 levels and is now at level 6!
You have reached level 7!
HP[+6] MP[+1]
You now have 74 max hp (+7).
You regained 6 hp, and now have 59/74 hp.
Your mp is fully restored (7).
Found a sparkling altar of Nemelex Xobeh.
You start resting.
HP[+15]
Your hp is fully restored (74).
There is an entrance to Lunezu's Magic Scroll Emporium here.
n - a scroll of summoning Thank you for shopping at Lunezu's Magic Scroll Emporium!
There is a snail-covered altar of Cheibriados here.
You coil in front of the altar of Cheibriados.
Cheibriados welcomes you!
Cheibriados begins to support your attributes as your movement slows.
Cheibriados is now slowing the effects of poison on you.
There is a hide-covered altar of Uskayaw here.
There is an open door, spattered with blood here.
You open the door.
Sonja, the Graceful Assassin comes into view.
She is wielding a +2 short sword of distortion and quivering curare-tipped darts.
l - a +0 dagger (weapon)
{short} Sonja shouts!
There is an open door here.
a - a +0 flail (weapon)
{mace} Sonja hits you but does no damage.
Space warps horribly around you!
Sonja hits you with a +2 short sword of distortion.
Space warps horribly around you!! Sonja barely misses you.
HP[-32]
You take 32 damage, and now have 42/74 hp.
MASSIVE DAMAGE!! (PAUSE) Unknown command.
Aiming: Spit Poison (1% risk of failure)
Press: ? - help, Q - select action, (/) - cycle Shift-Dir - straight line, f - Sonja
Aim: Sonja, wielding a +2 short sword of distortion and quivering curare-tipped darts (18% to hit)
The splash of poison misses Sonja.
Sonja hits you with a +2 short sword of distortion.
Space warps around you.
* * * LOW HITPOINT WARNING * * *
You block Sonja's attack. x2
HP[-6]
You take 6 damage, and now have 36/74 hp.
Unknown command.
As you read the scroll of summoning, it crumbles to dust.
Wisps of shadow whirl around you...
Sonja hits you with a +2 short sword of distortion.
* * * LOW HITPOINT WARNING * * *
Space warps horribly around you!
* * * LOW HITPOINT WARNING * * *
Sonja hits you with a +2 short sword of distortion.
* * * LOW HITPOINT WARNING * * *
Space warps around you!
* * * LOW HITPOINT WARNING * * *
Sonja hits you with a +2 short sword of distortion.
* * * LOW HITPOINT WARNING * * *
Sonja plants her feet in a plie.
You block Sonja's attack. x2; Sonja completely misses you.
HP[-35]
You take 35 damage, and now have 1/74 hp.
MASSIVE DAMAGE!! (PAUSE) Unknown command.
Your bat barely misses Sonja.
Sonja barely misses you.
Sonja hits you with a +2 short sword of distortion.
You die...

Skill      XL: |  1  2  3  4  5  6 |
---------------+-------------------+-----
Fighting       | 6 8 |  8.0
Stealth        | 8 |  8.0
Maces & Flails | 9 10 | 10.0
Shields        | 6 |  6.1
Armour         | |  2.4

Action                   |  1- 3 |  4- 6 |  7- 9 || total
-------------------------+-------+-------+-------++-------
Melee: Flail             |    12 |    14 |       ||    26
       Dagger            |       |     2 |       ||     2
 Abil: Spit Poison       |     2 |     2 |     1 ||     5
  Use: Scroll            |       |       |     1 ||     1
 Stab: Sleeping          |       |     2 |       ||     2
Armor: Scale mail        |     3 |     2 |     1 ||     6
Dodge: Dodged            |     5 |     5 |     3 ||    13
Block: Buckler           |     1 |     2 |     4 ||     7

Levels and vault maps discovered:
D:        dungeon_sprint_1 [red_sonja_temple_1, red_sonja_temple_small_1]

Notes
Turn   | Place    | Note
-------+----------+-------------------------------------------
     0 | D        | zeratav the Naga Fighter began the quest for the Orb.
     0 | D        | Reached XP level 1. HP: 21/21 MP: 1/1
     0 | D        | magus.rc [v1.9.6]
     1 | D        | Noticed Ijyb
    12 | D        | Killed Ijyb
    13 | D        | Reached skill level 6 in Fighting
    13 | D        | Reached XP level 2. HP: 19/34 MP: 2/2
    13 | D        | Reached XP level 3. HP: 24/42 MP: 3/3
   160 | D        | Noticed an ogre
   163 | D        | Killed an ogre
   164 | D        | Reached skill level 8 in Fighting
   164 | D        | Reached skill level 8 in Stealth
   164 | D        | Reached XP level 4. HP: 52/52 MP: 4/4
   174 | D        | Noticed Sigmund
   190 | D        | Killed Sigmund
   191 | D        | Reached skill level 9 in Maces & Flails
   191 | D        | Reached XP level 5. HP: 19/58 MP: 5/5
   191 | D        | Reached XP level 6. HP: 23/67 MP: 6/6
   423 | D        | Found an ornate altar of the Wu Jian Council.
   423 | D        | Found a shimmering blue altar of Sif Muna.
   425 | D        | Found a radiant altar of Vehumet.
   452 | D        | Found Lunezu's Magic Scroll Emporium.
   452 | D        | Found an ancient bone altar of Kikubaaqudgha.
   452 | D        | Found a hazy altar of Hepliaklqana.
   452 | D        | Found a hide-covered altar of Uskayaw.
   452 | D        | Found a basalt altar of Yredelemnul.
   452 | D        | Found an opulent altar of Gozag.
   452 | D        | Found a snail-covered altar of Cheibriados.
   452 | D        | Found a sacrificial altar of Ru.
   452 | D        | Found a shadowy altar of Dithmenos.
   452 | D        | Noticed a yak
   453 | D        | Found a stormy altar of Qazlal.
   453 | D        | Found a blossoming altar of Fedhas.
   453 | D        | Found a bloodstained altar of Trog.
   453 | D        | Found an iron altar of Okawaru.
   453 | D        | Found a glowing golden altar of the Shining One.
   453 | D        | Found a glowing silver altar of Zin.
   453 | D        | Found a white marble altar of Elyvilon.
   462 | D        | Killed a yak
   463 | D        | Reached skill level 10 in Maces & Flails
   463 | D        | Reached skill level 6 in Shields
   463 | D        | Reached XP level 7. HP: 59/74 MP: 7/7
   463 | D        | Found a sparkling altar of Nemelex Xobeh.
   534 | D        | Bought a scroll of summoning for 114 gold pieces
   536 | D        | Became a worshipper of Cheibriados the Contemplative
   544 | D        | Noticed Sonja
   549 | D        | HP: 14/74 [Sonja/+2 short sword of distortion (17)]
   549 | D        | HP: 5/74 [Sonja/+2 short sword of distortion (7)]
   549 | D        | HP: 1/74 [Sonja/+2 short sword of distortion (4)]
   550 | D        | Slain by Sonja

Vanquished Creatures
  Sigmund (D)
  A yak (D)
  An ogre (D)
  A jelly (D)
  Ijyb (D)
5 creatures vanquished.

Table legend:
 A = Non-vault XP
 B = Vault XP
 C = Vault XP percentage of total XP
 D = Non-vault monster count
 E = Vault monster count
 F = Vault count percentage of total count
                 A         B        C        D         E       F
            +---------+---------+-------+---------+---------+-------
      Total |       0 |     641 | 100.0 |       0 |       5 | 100.0
            +---------+---------+-------+---------+---------+-------
          D |       0 |     641 | 100.0 |       0 |       5 | 100.0
            +---------+---------+-------+---------+---------+-------

Illustrated notes

Table legend:
 A = Kills in this place as a percentage of kills in entire the game.
 B = Kills by you in this place as a percentage of kills by you in the entire game.
 C = Kills by friends in this place as a percentage of kills by friends in the entire game.
 D = Other kills in this place as a percentage of other kills in the entire game.
 E = Experience gained in this place as a percentage of experience gained in the entire game.
 F = Experience gained in this place divided by the number of levels of this place that you have seen.
                   A       B       C       D       E      F
               +-------+-------+-------+-------+-------+----------------------
         Total | 100.0 | 100.0 |   N/A |   N/A | 100.0 | 641.0
       Dungeon | 100.0 | 100.0 |   N/A |   N/A | 100.0 | 641.0
               +-------+-------+-------+-------+-------+----------------------

Table legend: (Time is in decaauts)
 A = Elapsed time spent in this place.
 B = Non-inter-level travel time spent in this place.
 C = Inter-level travel time spent in this place.
 D = Time resting spent in this place.
 E = Time spent auto-exploring this place.
 F = Levels seen in this place.
 G = Mean time per level.
                   A        B        C        D        E       F      G
               +--------+--------+--------+--------+--------+-----+--------+
         Total |    584 |    584 |      0 |    402 |      0 |   1 |  584.0 |
       Dungeon |    584 |    584 |      0 |    402 |      0 |   1 |  584.0 |
               +--------+--------+--------+--------+--------+-----+--------+

Top non-repeatable levels by time:
       D: 584 daAuts
